 Dungeon Crawl Stone Soup version 0.30-a0-782-ge64f9170bb (webtiles) character file.

Game seed: 6845055861230139435

282 shadizar the Trooper (level 6, 0/40 HPs)
             Began as a Gargoyle Fighter on Mar 17, 2023.
             Slain by Dowan
             ... wielding a +0 dagger
              (6 damage)
             ... on level 4 of the Dungeon.
             The game lasted 00:02:58 (2389 turns).

shadizar the Trooper (Gargoyle Fighter)             Turns: 2389, Time: 00:02:59

Health: 0/40       AC: 11    Str: 21    XL:     6   Next: 28%
Magic:  6/6        EV: 10    Int:  9    God:
Gold:   139        SH:  5    Dex: 15    Spells: 5/5 levels left

rFire   . . .      SeeInvis .    a - +0 flail
rCold   . . .      Faith    .    c - +0 buckler
rNeg    + . .      Spirit   .    b - +0 scale mail
rPois   ∞          Reflect  .    (no helmet)
rElec   +          Harm     .    j - scarf {repulsion}
rCorr   .          Rampage  .    (no gloves)
Will    .....                    (no boots) Stlth
                                 (no amulet)
HPRegen 0.26/turn                n - +6 ring of dexterity
MPRegen 0.10/turn                (no ring)

@: mighty, repel missiles
A: sickness immunity, AC +4, negative energy resistance 1, electricity
resistance, torment resistance 1, petrification resistance
a: no special abilities


You were on level 4 of the Dungeon.
You visited 1 branch of the dungeon, and saw 4 of its levels.

You collected 139 gold pieces.

Inventory:

Hand Weapons
 a - a +0 flail (weapon)
Armour
 b - a +0 scale mail (worn)
 c - a +0 buckler (worn)
 j - a scarf of repulsion (worn)
Jewellery
 n - a +6 ring of dexterity (left hand)
Wands
 m - a wand of light (11)
 q - a wand of paralysis (4)
Scrolls
 f - 3 scrolls of identify {unknown}
 h - 3 scrolls of teleportation {unknown}
 i - a scroll of noise {unknown}
 o - a scroll of enchant armour {unknown}
 p - a scroll of blinking {unknown}
Potions
 e - 2 potions of curing
 g - 2 potions of haste {unknown}
 k - a potion of resistance {unknown}
 l - a potion of brilliance {unknown}


   Skills:
 * Level 5.2 Fighting
 + Level 3.1 Maces & Flails
 + Level 4.1 Armour
 + Level 1.7 Dodging
 + Level 4.3 Shields


You had 5 spell levels left.
You didn't know any spells.
Your spell library contained the following spells:

 Spells                   Type           Power      Damage    Failure   Level
 Lesser Beckoning         Tloc           0%         N/A       91%         2
 Static Discharge         Conj/Air       0%         2-2/arc   91%         2
 Gell's Gravitas          Tloc           0%         N/A       99%         3
 Teleport Other           Tloc           0%         N/A       99%         3
 Vhi's Electric Charge    Tloc/Air       0%         N/A       99%         3
 Leda's Liquefaction      Hex/Erth       0%         N/A       100%        4
 Arcjolt                  Conj/Air       0%         1d10      100%        5
 Lee's Rapid Deconstruct  Erth           0%         3d4*      100%        5
 Lightning Bolt           Conj/Air       0%         1d11      100%        5
 Statue Form              Tmut/Erth      Unusable   N/A       N/A         6

Dungeon Overview and Level Annotations

Branches:
Dungeon (4/15)
 Temple: D:4-7

Altars:

Annotations:
D:4 Dowan


Innate Abilities, Weirdness & Mutations

You are immune to sickness and miasma.
Your stone body is resilient. (AC +4)
You are immune to poison.
You resist negative energy. (rN+)
You are resistant to electric shocks. (rElec)
You are resistant to unholy torment.
You are immune to petrification.


Message History

* * * LOW HITPOINT WARNING * * *
You feel very mighty all of a sudden. Dowan misses you.
Duvessa hits you but does no damage.
You hit Duvessa but do no damage.
Duvessa is almost dead.
Dowan casts a spell at you.
The puff of frost hits you but does no damage.
Duvessa says, "My weaknesses are his strengths!"
Duvessa completely misses you.
You closely miss Duvessa.
Duvessa is almost dead.
Dowan mumbles some strange words.
Dowan blinks!
You block Duvessa's attack. Duvessa barely misses you.
Dowan says, "Stay away from my face!"
You hit Duvessa but do no damage.
Duvessa is almost dead.
Dowan hits you with a +0 dagger.
* * * LOW HITPOINT WARNING * * *
Duvessa hits you with a +2 rapier of draining.
* * * LOW HITPOINT WARNING * * *
You sock Duvessa!
You kill Duvessa!
Dowan's eyes darken. "You have made a black mistake."
Dowan seems to find hidden reserves of power!
You block Dowan's attack. x2
Your Fighting skill increases to level 5!
Your Maces & Flails skill increases to level 3!
Your Armour skill increases to level 4!
You have reached level 6!
It was a potion of curing.
You feel better. Dowan hits you but does no damage.
Dowan gestures wildly while chanting.
Dowan blinks!
You miss Dowan. Dowan hits you with a +0 dagger.
* * * LOW HITPOINT WARNING * * *
Dowan barely misses you.
You sock Dowan!
Dowan is heavily wounded.
Dowan gestures at you while chanting. You block the stone arrow.
Dowan hits you with a +0 dagger.
You die...

.#..## #.....
......#####
..........#
..........#
?..)......#
.....?....# .
.......<..###..#
.......e@...>...
..........###.##
........).....#
..........#####
..........#
###.###.### #.
#.# # #. #.


You could see Dowan (fast).

Vanquished Creatures
  Duvessa (D:4)
  Ijyb (D:3)
  Natasha (twice) (D:3)
  3 adders
  3 worms (D:2)
  3 dart slugs (D:1)
  An orc (D:3)
  11 endoplasms
  6 giant cockroaches
  9 goblins
  5 hobgoblins
  2 jackals (D:2)
  4 quokkas
  7 bats
  2 frilled lizards
60 creatures vanquished.

Notes
Turn   | Place    | Note
-------+----------+-------------------------------------------
     0 | D:1      | shadizar the Gargoyle Fighter began the quest for the Orb.
     0 | D:1      | Reached XP level 1. HP: 14/14 MP: 1/1
    98 | D:1      | Reached XP level 2. HP: 14/19 MP: 2/2
   388 | D:1      | Reached XP level 3. HP: 24/24 MP: 3/3
   853 | D:2      | Reached skill level 4 in Fighting
   858 | D:2      | Reached XP level 4. HP: 23/29 MP: 4/4
   976 | D:2      | Reached skill level 1 in Dodging
  1901 | D:3      | Noticed Natasha
  1908 | D:3      | Killed Natasha
  1909 | D:3      | Reached XP level 5. HP: 34/34 MP: 5/5
  2039 | D:3      | Noticed Ijyb
  2049 | D:3      | Killed Ijyb
  2300 | D:3      | Noticed Natasha
  2307 | D:3      | Killed Natasha
  2364 | D:4      | Noticed Duvessa
  2364 | D:4      | Noticed Dowan
  2385 | D:4      | Killed Duvessa
  2386 | D:4      | Reached skill level 5 in Fighting
  2386 | D:4      | Reached XP level 6. HP: 4/40 MP: 6/6
  2389 | D:4      | Slain by Dowan

Illustrated notes

Levels and vault maps discovered:
D:1:      spicycebolla_arrival_xxxplode, layout_basic
D:2:      layout_basic, bh_walls_and_bars
D:3:      layout_basic, uniq_natasha, uniq_ijyb
D:4:      layout_rooms, nemelex_xobeh_ov_fountains_minmay, st_stairs_9,
          minmay_a_box_with_orc_wizards_in_it, uniq_duvessa, uniq_pikel

Skill      XL: |  1  2  3  4  5 |
---------------+----------------+-----
Fighting       | 4 5 |  5.2
Dodging        | 1 |  1.7
Shields        | 4 |  4.3
Maces & Flails | 3 |  3.1
Armour         | 4 |  4.1

Action                     |  1- 3 |  4- 6 || total
---------------------------+-------+-------++-------
  Melee: Flail             |    97 |   118 ||   215
    Use: Potion            |       |     2 ||     2
 Armour: Scale mail        |    59 |    81 ||   140
  Dodge: Dodged            |    38 |    64 ||   102
         Repelled          |       |     3 ||     3
  Block: Buckler           |    16 |    35 ||    51

Table legend: (Time is in decaauts)
 A = Elapsed time spent in this place.
 B = Non-inter-level travel time spent in this place.
 C = Inter-level travel time spent in this place.
 D = Time resting spent in this place.
 E = Time spent auto-exploring this place.
 F = Levels seen in this place.
 G = Mean time per level.
                   A        B        C        D        E       F      G
               +--------+--------+--------+--------+--------+-----+--------+
         Total |   2461 |   2378 |     83 |      0 |   1864 |   4 |  615.2 |
       Dungeon |   2461 |   2378 |     83 |      0 |   1864 |   4 |  615.2 |
               +--------+--------+--------+--------+--------+-----+--------+

Top non-repeatable levels by time:
     D:2: 933 daAuts
     D:3: 840 daAuts
     D:1: 657 daAuts
     D:4: 30 daAuts
